 Dungeon Crawl Stone Soup version 0.23-a0-8-gb809bb70e4 (webtiles) character file.

6 Htamos the Shield-Bearer (level 1, -1/16 HPs)
             Began as an Octopode Fighter on Aug 1, 2018.
             Slain by a kobold
             ... wielding a +0 club
              (7 damage)
             ... on level 1 of the Dungeon.
             The game lasted 00:00:36 (252 turns).

Htamos the Shield-Bearer (Octopode Fighter)          Turns: 252, Time: 00:00:37

Health: -1/16      AC:  1    Str: 15    XL:     1   Next: 90%
Magic:  1/1        EV: 11    Int: 10    God:
Gold:   21         SH:  8    Dex: 11    Spells: 0/0 levels left

rFire    . . .     SeeInvis .   a - +0 flail
rCold    . . .     Gourm    .   b - +0 shield
rNeg     . . .     Faith    .   (helmet restricted)
rPois    .         Spirit   .   (no amulet)
rElec    .         Reflect  .   (no ring)
rCorr    .         Harm     .   (no ring)
MR       .....                  (no ring)
Stlth    ++........             (no ring)
HPRegen  0.05/turn              (no ring)
MPRegen  0.07/turn              (no ring)
                                (no ring)
                                (no ring)

@: no status effects
A: almost no armour, stealthy swim, amphibious, 8 rings, constrict 8, camouflage
1, gelatinous body 1
a: no special abilities


You were on level 1 of the Dungeon.
You were not hungry.

You visited 1 branch of the dungeon, and saw 1 of its levels.

You collected 21 gold pieces.

Inventory:

Hand Weapons
 a - a +0 flail (weapon)
Missiles
 e - 11 stones (quivered)
Armour
 b - a +0 shield (worn)
Scrolls
 g - a scroll of identify {unknown}
 h - a scroll of fear {unknown}
Potions
 c - 2 potions of might
Comestibles
 d - 2 rations
 f - 3 chunks of flesh


   Skills:
 + Level 3.0 Fighting
 + Level 2.1 Maces & Flails
 + Level 3.0 Dodging
 * Level 3.1 Shields


You couldn't memorise any spells.
You didn't know any spells.
Your spell library was empty.

Dungeon Overview and Level Annotations

Branches:
Dungeon (1/15)

Altars:


Innate Abilities, Weirdness & Mutations

You cannot wear most types of armour.
You are very stealthy in the water. (Stealth+)
You are amphibious.
You can wear up to eight rings at the same time.
You can use your tentacles to constrict eight enemies at once.
Your skin changes colour to match your surroundings (Stealth+).
Your rubbery body absorbs attacks. (AC +1, EV +1)


Message History

You constrict the kobold. You block the frilled lizard's attack.
The kobold hits you with a club.
* * * LOW HITPOINT WARNING * * *
You release your grip on the kobold.
You sock the frilled lizard!
You kill the frilled lizard!
You closely miss the giant cockroach. Your grab misses the giant cockroach.
The giant cockroach barely misses you. The giant cockroach bites you.
* * * LOW HITPOINT WARNING * * *
You sock the giant cockroach!
You kill the giant cockroach!
You block the kobold's attack.
Your shield prevents you from hitting the kobold.
Your grab misses the kobold.
You kill the kobold!
The kobold barely misses you.
You barely miss the kobold. Your grab misses the kobold.
The kobold is severely wounded.
The kobold hits you with a club!
You die...

.##.....##........#
.#......##........#
.......###........#
......#.##........#
.....#..######..###
######### ##.# #.##
#..# ##@# #K#
#g....... ........$
..........
......###+#
........ .......#.#
........#..


You could see a hobgoblin and a kobold.

Vanquished Creatures
  A giant cockroach (D:1)
  A hobgoblin (D:1)
  A bat (D:1)
  A frilled lizard (D:1)
  2 kobolds (D:1)
  A rat (D:1)
7 creatures vanquished.

Notes
Turn   | Place    | Note
-------+----------+-------------------------------------------
     0 | D:1      | Htamos the Octopode Fighter began the quest for the Orb.
     0 | D:1      | Reached XP level 1. HP: 16/16 MP: 1/1
   252 | D:1      | Slain by a kobold

Vault maps used:
D:1:      matt_arrival_grand_opening

Action                   || total
-------------------------++-------
Melee: Flail             ||    17
       Constrict         ||     3
       Tentacles         ||     3
Armor: Skin              ||     3
Dodge: Dodged            ||     7
Block: Shield            ||    12

Table legend:
 A = Spawn XP
 B = Non-spawn XP
 C = Spawn XP percentage of total XP
 D = Spawn monster count
 E = Non-spawn monster count
 F = Spawn count percentage of total count
 G = Total turns spent on level
                    A         B        C        D         E        F      G
               +---------+---------+-------+---------+---------+-------+---------
         Total |       0 |       9 |   0.0 |       0 |       7 |   0.0 |   252
               +---------+---------+-------+---------+---------+-------+---------
           D:1 |       0 |       9 |   0.0 |       0 |       7 |   0.0 |   252
               +---------+---------+-------+---------+---------+-------+---------
